 Dungeon Crawl Stone Soup version 0.24-b1-1-gac51ba0 (webtiles) character file.

Game seed: 11558877106952929574, levelgen mode: deterministic

574690 BoppinsLewinski the Phalangite (level 25, 0/337 HPs)
             Began as a Centaur Gladiator on Oct 7, 2019.
             Was a High Priest of Okawaru.
             Slain by an electric golem (5 damage)
             ... on level 1 of the Realm of Zot on Oct 14, 2019.
             The game lasted 04:21:42 (86036 turns).

BoppinsLewinski the Phalangite (Centaur Gladiator) Turns: 86036, Time: 04:21:42

Health: 0/337      AC: 39    Str: 39    XL:     25   Next: 75%
Magic:  35/35      EV: 14    Int:  9    God:    Okawaru [*****.]
Gold:   3181       SH:  0    Dex: 17    Spells: 24/24 levels left

rFire    + + +     SeeInvis +   G - +8 glaive of the Guard {elec, +Rage AC+5 SInv}
rCold    + + .     Gourm    .   (shield currently unavailable)
rNeg     + . .     Faith    .   D - +7 plate armour "Xosod" {Str+4}
rPois    +         Spirit   .   V - +1 helmet of Tabemi {Dex+4}
rElec    +         Reflect  .   s - scarf {rC+ rF+}
rCorr    +         Harm     .   g - +0 pair of gloves "Qyruawn" {+Blink MR+}
MR       ++++.                  C - +2 centaur barding "Cuanoi" {MR+}
Stlth    ..........             A - amulet of rage
HPRegen  0.66/turn              H - ring of Nollosm {rF+ rN+ Str+3 Int+2}
MPRegen  0.24/turn              a - ring of protection from magic

@: berserking, resistant, very quick
A: large, hooves 3, deformed body, speed 2, tough skin 3
}: 3/15 runes: serpentine, barnacled, silver
a: Heroism, Finesse, Renounce Religion, Evoke Blink, Evoke Berserk Rage


You were on level 1 of the Realm of Zot.
You worshipped Okawaru.
Okawaru was extremely pleased with you.
You were near starving.

You visited 9 branches of the dungeon, and saw 45 of its levels.
You also visited: Gauntlet.

You collected 6117 gold pieces.
You spent 2936 gold pieces at shops.

Inventory:

Hand Weapons
 h - the +5 scythe "Finisher" {speed, eviscerate}
   (You acquired it on level 2 of the Depths)

   Attacks with this weapon are significantly faster.
 G - the +8 glaive of the Guard (weapon) {elec, +Rage AC+5 SInv}
   (You took it off a vault sentinel on level 5 of the Vaults)

   Occasionally, upon striking a foe, it will discharge some electrical energy
   and cause terrible harm.
   It affects your AC (+5).
   It lets you see invisible.
   It lets you go berserk.
Missiles
 X - 8 throwing nets (quivered)
Armour
 g - the +0 pair of gloves "Qyruawn" (worn) {+Blink MR+}
   (Okawaru gifted it to you on level 5 of the Vaults)

   It affects your resistance to hostile enchantments.
   It lets you blink.
 j - +4 gold dragon scales
 n - the +0 pair of gloves "Fuex" {rElec Int+4}
   (You bought it in a shop on level 5 of the Depths)

   It affects your intelligence (+4).
   It insulates you from electricity.
 s - a scarf of resistance (worn)
 C - the +2 centaur barding "Cuanoi" (worn) {MR+}
   (Okawaru gifted it to you on level 1 of the Snake Pit)

   It affects your resistance to hostile enchantments.
 D - the +7 plate armour "Xosod" (worn) {Str+4}
   (You found it on level 3 of the Elven Halls)

   It affects your strength (+4).
 V - the +1 helmet of Tabemi (worn) {Dex+4}
   (Okawaru gifted it to you on level 1 of the Shoals)

   It affects your dexterity (+4).
 Y - the +7 centaur barding of Duc Kiz {rElec MR- Regen+ SInv}
   (Okawaru gifted it to you on level 3 of the Elven Halls)

   It insulates you from electricity.
   It affects your resistance to hostile enchantments.
   It lets you see invisible.
   It increases your rate of regeneration.
Jewellery
 a - a ring of protection from magic (right hand)
 A - an amulet of rage (around neck)
 E - an uncursed ring of poison resistance
 H - the ring of Nollosm (left hand) {rF+ rN+ Str+3 Int+2}
   (You took it off a merfolk aquamancer on level 2 of the Depths)

   [ring of intelligence]

   It affects your strength (+3).
   It affects your intelligence (+2).
   It protects you from fire.
   It protects you from negative energy.
 I - an uncursed ring of resist corrosion
 O - an uncursed ring of see invisible
 R - an uncursed amulet of guardian spirit
 U - the ring "Wics" {+Fly rC++}
   (You found it in a Gauntlet)

   [ring of flight]

   It greatly protects you from cold.
   It lets you fly.
 W - a +2 amulet of reflection
Wands
 m - a wand of paralysis (17)
 t - a wand of flame (78)
 u - a wand of acid (6)
 M - a wand of digging (5)
 N - a wand of iceblast (35)
Scrolls
 b - 5 scrolls of enchant weapon
 d - 4 scrolls of fog
 i - 23 scrolls of remove curse
 l - 8 scrolls of immolation
 o - 3 scrolls of fear
 p - 10 scrolls of teleportation
 r - 5 scrolls of blinking
 v - a scroll of summoning
 w - 3 scrolls of magic mapping
 x - 5 scrolls of silence
 B - a scroll of holy word
 K - 5 scrolls of identify
 L - 2 scrolls of amnesia
Potions
 e - 8 potions of curing
 q - 2 potions of flight
 z - 5 potions of haste
 P - 9 potions of lignification
 Q - a potion of might
 T - 4 potions of cancellation
Miscellaneous
 c - a phial of floods
 y - a lamp of fire
 F - 8 boxes of beasts
 J - a phantom mirror
 S - a fan of gales
Comestibles
 f - 46 rations


   Skills:
 + Level 18.4 Fighting
 * Level 22.8 Polearms
 - Level 2.1 Throwing
 + Level 14.6 Armour
 + Level 14.8 Dodging
 - Level 9.1 Invocations
 + Level 16.7 Evocations


You had 24 spell levels left.
You didn't know any spells.
Your spell library contained the following spells:

 Spells                   Type           Power        Failure   Level  Hunger
 Animate Skeleton         Necr           N/A          83%         1    ##.....
 Apportation              Tloc           #.....       83%         1    ##.....
 Beastly Appendage        Tmut           #.....       83%         1    ##.....
 Confusing Touch          Hex            #.....       83%         1    ##.....
 Corona                   Hex            #......      83%         1    ##.....
 Freeze                   Ice            #...         83%         1    ##.....
 Magic Dart               Conj           #...         83%         1    ##.....
 Sandblast                Erth           #.....       83%         1    ##.....
 Sting                    Conj/Pois      #...         83%         1    ##.....
 Summon Butterflies       Summ           #.......     83%         1    ##.....
 Summon Small Mammal      Summ           #...         83%         1    ##.....
 Call Imp                 Summ           #.......     93%         2    ###....
 Corpse Rot               Necr           N/A          93%         2    ###....
 Ensorcelled Hibernation  Hex/Ice        #.....       93%         2    ###....
 Passwall                 Tmut/Erth      #.......     93%         2    ###....
 Poisonous Vapours        Pois/Air       #.....       93%         2    ###....
 Searing Ray              Conj           #.....       93%         2    ###....
 Sticks to Snakes         Tmut           #.......     93%         2    ###....
 Sublimation of Blood     Necr           #.........   93%         2    ###....
 Throw Flame              Conj/Fire      #.....       93%         2    ###....
 Throw Frost              Conj/Ice       #.....       93%         2    ###....
 Confuse                  Hex            #.......     99%         3    ####...
 Conjure Flame            Conj/Fire      #.......     99%         3    ####...
 Dazzling Spray           Conj/Hex       #.....       99%         3    ####...
 Gell's Gravitas          Tloc           #.........   99%         3    ####...
 Ignite Poison            Fire/Tmut/Pois #.......     99%         3    ####...
 Mephitic Cloud           Conj/Pois/Air  #.......     99%         3    ####...
 Ozocubu's Armour         Chrm/Ice       #.......     99%         3    ####...
 Portal Projectile        Hex/Tloc       #.....       99%         3    ####...
 Spider Form              Tmut/Pois      #.........   99%         3    ####...
 Stone Arrow              Conj/Erth      #.....       99%         3    ####...
 Summon Guardian Golem    Hex/Summ       #.......     99%         3    ####...
 Tukima's Dance           Hex            #.......     99%         3    ####...
 Force Lance              Conj/Tloc      #.......     100%        4    #####..
 Fulminant Prism          Conj/Hex       #.........   100%        4    #####..
 Ice Form                 Ice/Tmut       #.......     100%        4    #####..
 Iskenderun's Mystic Bla  Conj           #.......     100%        4    #####..
 Leda's Liquefaction      Hex/Erth       #.........   100%        4    #####..
 Petrify                  Tmut/Erth      #.......     100%        4    #####..
 Summon Ice Beast         Ice/Summ       #.......     100%        4    #####..
 Summon Lightning Spire   Summ/Air       #.......     100%        4    #####..
 Throw Icicle             Conj/Ice       #.......     100%        4    #####..
 Agony                    Necr           #.......     100%        5    ######.
 Alistair's Intoxication  Tmut/Pois      #.......     100%        5    ######.
 Blade Hands              Tmut           #.........   100%        5    ######.
 Bolt of Draining         Conj/Necr      #.........   100%        5    ######.
 Bolt of Magma            Conj/Fire/Erth #.........   100%        5    ######.
 Dispel Undead            Necr           #.......     100%        5    ######.
 Excruciating Wounds      Chrm/Necr      #.........   100%        5    ######.
 Irradiate                Conj/Tmut      #.........   100%        5    ######.
 Lee's Rapid Deconstruct  Erth           #.........   100%        5    ######.
 Metabolic Englaciation   Hex/Ice        #.........   100%        5    ######.
 Silence                  Hex/Air        #.........   100%        5    ######.
 Summon Demon             Summ           #.........   100%        5    ######.
 Summon Forest            Summ/Tloc      #.........   100%        5    ######.
 Summon Mana Viper        Hex/Summ       #.......     100%        5    ######.
 Conjure Ball Lightning   Conj/Air       #.........   100%        6    #######
 Deflect Missiles         Chrm/Air       #.........   100%        6    #######
 Dispersal                Tloc           #.........   100%        6    #######
 Freezing Cloud           Conj/Ice/Air   #.........   100%        6    #######
 Hydra Form               Tmut           #.........   100%        6    #######
 Iron Shot                Conj/Erth      #.........   100%        6    #######
 Ozocubu's Refrigeration  Ice            #.........   100%        6    #######
 Statue Form              Tmut/Erth      #........    100%        6    #######
 Dragon Form              Tmut           #.........   100%        7    #######
 Malign Gateway           Summ/Tloc      #.........   100%        7    #######
 Monstrous Menagerie      Summ           #.........   100%        7    #######
 Ring of Flames           Chrm/Fire      #.........   100%        7    #######
 Summon Greater Demon     Summ           #.........   100%        7    #######
 Controlled Blink         Tloc           N/A          100%        8    #######
 Disjunction              Tloc           #.........   100%        8    #######
 Summon Horrible Things   Summ           #.........   100%        8    #######
 Shatter                  Erth           #.........   100%        9    #######
 Tornado                  Air            #.........   100%        9    #######


Dungeon Overview and Level Annotations

Branches:
Dungeon (15/15)            Temple (0/1) D:7            Lair (6/6) D:8
 Shoals (4/4) Lair:3        Snake (4/4) Lair:4        Slime (0/5) Lair:5
    Orc (2/2) D:10            Elf (3/3) Orc:2        Vaults (5/5) D:13
  Crypt (0/3) Vaults:2     Depths (5/5) D:15            Zot (1/5) Depths:5
Gauntlet (visited)

Altars:
Ashenzari
Cheibriados
Dithmenos
Elyvilon
Hepliaklqana
Okawaru
Trog
Vehumet
Wu Jian
Xom
Zin
The Shining One
Beogh
Jiyva

Shops:
D:9 =}}   D:11 *   Orc:2 %(:*   Elf:1 }=}:   Shoals:4 *   Snake:2 (=}}
Snake:4 [(   Vaults:2 (   Vaults:4 :   Vaults:5 %%?   Depths:5 ([(

Portals:
Hell: Depths:1 Depths:2 Depths:3 Depths:4 Depths:5
Abyss: Depths:1 Depths:4
Pandemonium: Depths:1 Depths:3
Ziggurat: Depths:2

Annotations:
D:9 1 exclusion
D:11 3 runed translucent doors, Hedningen's ghost, journeyman DsAK
Lair:4 1 exclusion
Lair:6 1 exclusion
Snake:1 3 runed translucent doors, 1 exclusion, Meckytav's ghost, adept NaBe
Elf:2 3 runed translucent doors


Innate Abilities, Weirdness & Mutations

You have hooves in place of feet.
Armour fits poorly on your strangely shaped body.
You cover ground very quickly.
You have extremely tough skin. (AC +3)


Message History

Evoke which item? (* ta show all) (? fer menu, 'sc ta quit) Okay, than.
Unknown command.
Unknown command.
Unknown command.
Okay, than.
Unknown command.
A red film seems ta co'er yer vision as ye go berserk!
Ye feel yerself movin' faster!
Ye feel mighty!
Ye be near starvin'!
Tha electric golem be 'ngulfed in blazin' flames.
Tha electric golem hits ye but does nay damage. x4
Ye slice tha electric golem!!
Yer kick misses tha electric golem.
Tha electric golem be almost destroyed.
Tha electric golem be 'ngulfed in blazin' flames.
Tha electric golem hits ye but does nay damage.
Tha electric golem hits ye.
* * * LOW HITPOINT WARNIN'
* * * Tha electric golem shocks ye.
Ye resist.
Ye die...

#.# #.#
########################.###.####
..................^..............
.##.##############.#####.##..##.#
.##.# #?...§§#.†.....##..##.#
.##.#### #.####§##########..##.#
..#....####.# #§#,**** #..##.#
..#.......#.# #8#,,,,#####..##.#
..##...##.#.#**#@#,**,#......#...
.......##.#.#....#⌠,*,#.###.#####
..#.#####.#.#.####***,#.#.#.### #
..#.# #.#.#,,,,,,,,,#.#.....#
..#.# #.#.###########.#.#.#.#
..#.#####.#........)....#...#.#
>.'.................#######.#.#
..#.#####.#########..######.#.#
..#.#.........# #......)))[.#.###


You could see an electric golem.

Vanquished Creatures
  Sojobo (Depths:2)
  Bai Suzhen (Depths:2)
  Vashnia (Snake:4)
  Margery (Depths:2)
  Saint Roka (Snake:2)
  5 golden dragons
  2 bone dragons (Depths:5)
  7 tentacled monstrosities
  The ghost of Xeneug the Sharpshooter, an adept KoBe of Trog (Elf:1)
  The ghost of Hyotygoi the Warrior, an adept MiFi of Qazlal (Vaults:4)
  5 liches
  3 titans
  5 quicksilver dragons
  A deep elf blademaster (Elf:3)
  2 deep elf master archers (Elf:3)
  4 sphinxes
  7 tengu reavers
  Frances (D:13)
  3 death cobs (Zot:1)
  3 draconian monks
  9 shadow dragons
  4 nagarajas (Snake:4)
  5 storm dragons
  4 iron dragons
  20 vault wardens
  11 deep elf sorcerers
  2 draconian scorchers (Zot:1)
  7 fire giants
  An orc warlord (Orc:1)
  Louise (Shoals:4)
  7 frost giants
  15 ironheart preservers
  Aizul (Snake:2)
  2 war gargoyles
  9 deep elf elementalists
  4 draconian stormcallers (Depths:5)
  19 very ugly things
  A caustic shrike skeleton (Depths:1)
  19 stone giants
  A draconian annihilator (Zot:1)
  Nessos (D:12)
  2 vampire knights
  A green draconian (Zot:1)
  Azrael (D:13)
  7 deep elf demonologists
  8 deep elf annihilators
  2 black draconians (Zot:1)
  4 red draconians
  4 yellow draconians (Zot:1)
  3 white draconians
  4 spark wasps (Depths:5)
  A minotaur (Gauntlet)
  10 ettins
  6 deep elf death magi (Elf:3)
  2 merfolk javelineers (Shoals:4)
  11 fire dragons
  6 merfolk impalers
  17 yaktaur captains
  4 rakshasas
  Erolcha (D:13)
  13 deep elf high priests
  20 naga warriors
  5 ice dragons
  35 vault guards
  9 great orbs of eyes
  A ghost crab (Gauntlet)
  14 hydras
  5 anacondas
  An anaconda (shapeshifter) (Vaults:5)
  4 spriggan air magi
  3 death knights
  9 centaur warriors
  37 two-headed ogres
  5 satyrs
  18 deep troll shamans
  An alligator snapping turtle (Shoals:1)
  3 merfolk aquamancers
  12 ogre magi
  9 deep troll earth magi
  Urug (D:12)
  5 tengu warriors
  16 dancing weapons
  17 naga sharpshooters
  8 shock serpents
  A vampire mage (Depths:5)
  23 deep elf knights
  4 spriggan berserkers (Depths:2)
  2 queen ants (shapeshifter) (Vaults:5)
  6 orc high priests
  The ghost of BoppinsLewinski the Spear-Bearer, a novice TeGl of Okawaru (D:9)
  9 hell knights
  5 iron trolls
  4 salamander mystics
  8 skeletal warriors
  A glowing orange brain (shapeshifter) (Vaults:4)
  6 sea snakes
  3 flayed ghosts
  A swamp dragon (Lair:6)
  6 naga ritualists
  43 deep trolls
  2 unseen horrors
  4 glowing orange brains
  16 deep elf archers
  9 wizards
  6 harpies
  17 ironbrand convokers
  5 phantasmal warriors
  19 orc knights
  5 mana vipers
  7 necromancers
  6 wolf spiders
  12 salamanders
  8 cyclopes
  57 deep elf magi
  10 orc sorcerers
  4 moths of wrath (Zot:1)
  18 fauns
  An oklob plant (Lair:2)
  20 ugly things
  A frost giant zombie (Depths:1)
  2 centaur zombies
  9 manticores
  8 elephants
  4 guardian serpents
  15 vault sentinels
  A stone giant skeleton (Depths:1)
  6 merfolk sirens
  29 black mambas
  6 water nymphs
  30 naga magi
  10 spiny frogs
  2 gargoyles (D:13)
  2 smoke demons
  2 rime drakes
  9 freezing wraiths
  68 yaktaurs
  10 komodo dragons
  A hellwing (Depths:4)
  4 tengu conjurers
  2 red devils (Depths:4)
  A jumping spider (shapeshifter) (Vaults:4)
  3 trolls (shapeshifter)
  A polar bear (shapeshifter) (Vaults:1)
  A meliai (shapeshifter) (Vaults:5)
  A wind drake (shapeshifter) (Depths:1)
  25 merfolk
  7 snapping turtles
  7 trolls
  2 polar bears
  6 wind drakes
  7 hippogriffs
  4 hornets
  10 dream sheep
  8 blink frogs (Lair:3)
  25 slime creatures
  An ice dragon zombie (Depths:1)
  An air elemental (Elf:1)
  2 spriggans
  A shadow (D:15)
  A vampire (D:14)
  26 yaks
  A tarantella (shapeshifter) (Vaults:3)
  18 water elementals
  2 wraiths
  8 basilisks
  A fire bat (shapeshifter) (Vaults:1)
  A hungry ghost (D:13)
  A steam dragon (Lair:6)
  4 wyverns
  4 fire elementals
  A basilisk (shapeshifter) (Vaults:2)
  A human (D:13)
  2 vampire mosquitoes (D:15)
  Eustachio (D:6)
  6 wargs
  43 nagas
  Edmund (D:5)
  3 acid dragons
  A soldier ant (D:14)
  3 hell hounds (D:13)
  2 floating eyes (Depths:2)
  A floating eye (shapeshifter) (Vaults:4)
  15 porcupines
  8 water moccasins
  3 swamp drakes (Lair:6)
  4 ice beasts (D:9)
  45 orc warriors
  A sky beast (shapeshifter) (Depths:2)
  4 sky beasts
  A black bear (D:12)
  A hornet zombie (D:15)
  A necrophage (D:12)
  14 wolves
  28 ogres
  2 phantoms
  13 boggarts
  8 crocodiles
  16 centaurs
  2 big kobolds
  A wyvern zombie (D:13)
  A gnoll sergeant (D:10)
  21 bullfrogs
  4 earth elementals
  3 small abominations (Gauntlet)
  6 scorpions
  7 killer bees
  12 wights
  2 howler monkeys
  3 electric eels
  12 crimson imps
  3 jellies
  34 orc priests
  3 hounds
  A bullfrog skeleton (D:12)
  A gnoll shaman (D:6)
  Crazy Yiuf (D:3)
  2 bullfrog zombies
  5 centaur skeletons
  30 orc wizards
  11 iguanas
  9 worker ants
  A bullfrog simulacrum (D:9)
  A hound zombie (D:11)
  A hound skeleton (D:10)
  2 worker ant zombies
  16 gnolls
  12 adders
  A howler monkey skeleton (D:8)
  7 shadow imps
  2 white imps (D:9)
  A worker ant simulacrum (D:9)
  An ooze (D:4)
  An adder skeleton (D:5)
  3 dart slugs
  4 leopard geckos
  107 orcs
  A giant cockroach (shapeshifter) (Vaults:5)
  9 giant cockroaches
  8 goblins
  7 hobgoblins
  7 jackals
  22 kobolds
  6 quokkas
  10 bats
  8 frilled lizards
  A jackal zombie (D:9)
  A quokka zombie (D:7)
  4 rats
  4 plants (Shoals:4)
1944 creatures vanquished.

Vanquished Creatures (collateral kills)
  An ancient lich (Vaults:4)
  A shadow dragon (Zot:1)
  A tengu reaver (Depths:4)
  An ettin (Vaults:5)
  A two-headed ogre (Vaults:4)
  An ogre mage (Vaults:5)
  A spriggan berserker (Depths:4)
  A spriggan (Depths:4)
  A deep elf archer (Vaults:5)
  3 deep elf magi
  A vault sentinel (Vaults:5)
  A hornet (Depths:4)
  A floating eye (Depths:4)
  2 ogres (Vaults:5)
17 creatures vanquished.

Vanquished Creatures (others)
  An anaconda (Snake:1)
  A deep elf knight (Vaults:2)
  A manticore (Shoals:1)
  A wight (D:8)
  An orc priest (Orc:2)
  15 fungi
  54 plants
  8 withered plants (Gauntlet)
82 creatures vanquished.

Grand Total: 2043 creatures vanquished

Notes
Turn   | Place    | Note
-------+----------+-------------------------------------------
     0 | D:1      | BoppinsLewinski the Centaur Gladiator began the quest for
                  | the Orb.
     0 | D:1      | Reached XP level 1. HP: 17/17 MP: 1/1
   141 | D:1      | Found an iron altar of Okawaru.
   149 | D:1      | Became a worshipper of Warmaster Okawaru
   201 | D:1      | Reached XP level 2. HP: 21/24 MP: 2/2
   367 | D:1      | Reached skill level 3 in Polearms
   791 | D:2      | Reached XP level 3. HP: 18/30 MP: 3/3
  1056 | D:2      | Reached skill level 1 in Armour
  1056 | D:2      | Reached XP level 4. HP: 37/37 MP: 4/4
  1101 | D:2      | Found a shattered altar of Ashenzari.
  1583 | D:2      | Found a bloodstained altar of Trog.
  1748 | D:3      | Found an iron altar of Okawaru.
  2037 | D:3      | Reached XP level 5. HP: 44/44 MP: 5/5
  2418 | D:3      | Reached skill level 4 in Polearms
  3001 | D:3      | Found a glowing golden altar of the Shining One.
  3001 | D:3      | Found a glowing silver altar of Zin.
  3001 | D:3      | Found a white marble altar of Elyvilon.
  3120 | D:3      | Found a runed translucent door.
  3121 | D:3      | Noticed Crazy Yiuf
  3127 | D:3      | Killed Crazy Yiuf
  3127 | D:3      | Reached * piety under Okawaru
  3182 | D:4      | Noticed an ogre
  3187 | D:4      | Killed an ogre
  3187 | D:4      | Reached XP level 6. HP: 35/51 MP: 6/6
  3450 | D:4      | Reached skill level 5 in Polearms
  3744 | D:4      | Reached XP level 7. HP: 58/58 MP: 7/7
  3967 | D:4      | Reached ** piety under Okawaru
  4224 | D:5      | Entered Level 5 of the Dungeon
  4266 | D:5      | Found an ornate altar of the Wu Jian Council.
  4768 | D:5      | Noticed Edmund
  4770 | D:5      | Found a snail-covered altar of Cheibriados.
  4799 | D:5      | Killed Edmund
  4962 | D:6      | Noticed Eustachio
  4976 | D:6      | Killed Eustachio
  4976 | D:6      | Reached skill level 6 in Polearms
  4976 | D:6      | Reached XP level 8. HP: 65/67 MP: 5/8
  5882 | D:7      | Reached skill level 1 in Invocations
  5944 | D:7      | Reached *** piety under Okawaru
  5971 | D:7      | Noticed a hippogriff
  5980 | D:7      | Killed a hippogriff
  5980 | D:7      | Reached skill level 1 in Evocations
  5981 | D:7      | Noticed a hippogriff
  5995 | D:7      | Killed a hippogriff
  5995 | D:7      | Reached skill level 5 in Fighting
  6279 | D:7      | Found a staircase to the Ecumenical Temple.
  6512 | D:8      | Reached **** piety under Okawaru
  6788 | D:8      | Reached skill level 7 in Polearms
  6788 | D:8      | Reached XP level 9. HP: 69/74 MP: 8/10
  7105 | D:8      | Found a staircase to the Lair.
  7774 | Lair:1   | Entered Level 1 of the Lair of Beasts
  7901 | Lair:1   | Reached ***** piety under Okawaru
  7972 | Lair:1   | Reached skill level 8 in Polearms
  8096 | Lair:1   | Noticed a spiny frog
  8106 | Lair:1   | Killed a spiny frog
  8106 | Lair:1   | Received a gift from Okawaru
  8106 | Lair:1   | Reached skill level 5 in Dodging
  8106 | Lair:1   | Reached XP level 10. HP: 54/83 MP: 7/13
  8318 | Lair:1   | Got a steaming crystal plate armour {god gift}
  8319 | Lair:1   | Identified the +0 crystal plate armour of Perfidy {rElec
                  | Regen+ Dex-2 Stlth+} (Okawaru gifted it to you on level 1
                  | of the Lair of Beasts)
  8437 | Lair:1   | Noticed a spiny frog
  8448 | Lair:1   | Killed a spiny frog
  9183 | Lair:2   | Noticed an oklob plant
  9199 | Lair:2   | Noticed a black mamba
  9206 | Lair:2   | Killed a black mamba
  9206 | Lair:2   | Reached skill level 5 in Invocations
  9247 | Lair:2   | Found a gate leading to a gauntlet.
  9256 | Gauntlet | Entered a Gauntlet
  9256 | Gauntlet | Found a transporter.
  9270 | Gauntlet | Found a transporter.
  9272 | Gauntlet | Noticed a smoke demon
  9280 | Gauntlet | Found a transporter.
  9304 | Gauntlet | Found a transporter.
  9318 | Gauntlet | Noticed a ghost crab
  9323 | Gauntlet | Found a transporter.
  9338 | Gauntlet | Found a transporter.
  9341 | Gauntlet | Noticed a green ugly thing
  9341 | Gauntlet | Noticed a glowing orange brain
  9350 | Gauntlet | Found a transporter.
  9362 | Gauntlet | Found a transporter.
  9370 | Gauntlet | Found a large runed translucent door.
  9371 | Gauntlet | Found a large runed translucent door.
  9372 | Gauntlet | Found a large runed translucent door.
  9372 | Gauntlet | Found a large runed translucent door.
  9373 | Gauntlet | Found a runed translucent gate.
  9374 | Gauntlet | Found a transporter.
  9374 | Gauntlet | Found a runed translucent gate.
  9374 | Gauntlet | Noticed an orange crystal statue
  9375 | Gauntlet | Found a runed translucent gate.
  9376 | Gauntlet | Found a large runed translucent door.
  9376 | Gauntlet | Found a large runed translucent door.
  9377 | Gauntlet | Found a large runed translucent door.
  9378 | Gauntlet | Found a large runed translucent door.
  9386 | Gauntlet | Found a transporter.
  9390 | Gauntlet | Noticed a hell beast
  9403 | Gauntlet | Found a transporter.
  9416 | Gauntlet | Found a large runed translucent door.
  9417 | Gauntlet | Found a large runed translucent door.
  9418 | Gauntlet | Found a large runed translucent door.
  9418 | Gauntlet | Found a large runed translucent door.
  9419 | Gauntlet | Found a runed translucent door.
  9420 | Gauntlet | Found a transporter.
  9421 | Gauntlet | Found a runed translucent door.
  9422 | Gauntlet | Found a large runed translucent door.
  9422 | Gauntlet | Found a large runed translucent door.
  9422 | Gauntlet | Found a transporter.
  9423 | Gauntlet | Found a large runed translucent door.
  9424 | Gauntlet | Found a large runed translucent door.
  9464 | Gauntlet | Found a transporter.
  9466 | Gauntlet | Found a transporter.
  9467 | Gauntlet | Found a transporter.
  9494 | Gauntlet | Found a transporter.
  9496 | Gauntlet | Found a transporter.
  9776 | Gauntlet | Killed a smoke demon
  9776 | Gauntlet | Reached skill level 9 in Polearms
  9869 | Gauntlet | Killed a ghost crab
  9869 | Gauntlet | Reached skill level 5 in Armour
 10066 | Gauntlet | Got a coiled copper ring
 10082 | Gauntlet | Noticed a minotaur
 10096 | Gauntlet | Killed a minotaur
 10096 | Gauntlet | Reached XP level 11. HP: 89/92 MP: 9/15
 10489 | Lair:2   | Reached skill level 5 in Evocations
 10508 | Lair:2   | Received a gift from Okawaru
 10511 | Lair:2   | Identified the ring "Wics" {+Fly rC++} (You found it in a
                  | Gauntlet)
 11543 | Lair:3   | Noticed a five-headed hydra
 11573 | Lair:3   | Noticed an eight-headed hydra
 11584 | Lair:2   | Killed an eight-headed hydra
 11833 | Lair:3   | Reached skill level 10 in Polearms
 11885 | Lair:3   | Noticed a six-headed hydra
 11900 | Lair:3   | Killed a six-headed hydra
 12141 | Lair:2   | Killed a five-headed hydra
 12648 | Lair:2   | Killed an oklob plant
 12756 | Lair:3   | Received a gift from Okawaru
 12765 | Lair:3   | Reached XP level 12. HP: 68/101 MP: 14/17
 12784 | Lair:3   | Got a jewelled centaur barding {god gift}
 12816 | Lair:3   | You fall into a shaft and drop 1 floor!
 12888 | Lair:3   | Noticed a four-headed hydra
 12900 | Lair:3   | Killed a four-headed hydra
 12968 | Lair:3   | Noticed a six-headed hydra
 12978 | Lair:3   | Killed a six-headed hydra
 13648 | Lair:3   | Identified the +0 centaur barding of the Bulwark {rF+
                  | Dex+2} (Okawaru gifted it to you on level 3 of the Lair of
                  | Beasts)
 13790 | Lair:3   | Found a staircase to the Shoals.
 14487 | Lair:4   | Reached skill level 11 in Polearms
 14496 | Lair:4   | Noticed an eight-headed hydra
 14506 | Lair:4   | Killed an eight-headed hydra
 14556 | Lair:4   | Found a staircase to the Snake Pit.
 14761 | Lair:4   | Got a scorched pewter amulet
 14957 | Lair:4   | Received a gift from Okawaru
 15186 | Lair:5   | Identified the amulet of Ofukh {Faith Dex+4} (You found it
                  | on level 4 of the Lair of Beasts)
 15223 | Lair:5   | Noticed a six-headed hydra
 15230 | Lair:5   | Killed a six-headed hydra
 15407 | Lair:5   | Found a viscous altar of Jiyva.
 15408 | Lair:5   | Found a staircase to the Slime Pits.
 15587 | Lair:5   | Noticed a four-headed hydra
 15600 | Lair:5   | Killed a four-headed hydra
 15767 | Lair:5   | Reached XP level 13. HP: 98/111 MP: 13/19
 16106 | Lair:6   | Entered Level 6 of the Lair of Beasts
 17335 | Lair:6   | Reached skill level 12 in Polearms
 17362 | Lair:6   | Found a glowing golden altar of the Shining One.
 18164 | Lair:6   | Noticed a fire dragon
 18192 | Lair:6   | Killed a fire dragon
 18891 | D:9      | Paralysed by a hornet for 1 turns
 19064 | D:9      | Found Vostem's Gadget Shoppe.
 19075 | D:9      | Found a runed translucent gate.
 19075 | D:9      | Found a runed translucent gate.
 19075 | D:9      | Found a runed translucent gate.
 19097 | D:9      | Noticed BoppinsLewinski's ghost (novice TeGl)
 19146 | D:9      | Found a shimmering altar of Xom.
 19147 | D:9      | Found a hazy altar of Hepliaklqana.
 19191 | D:9      | Found Qeped's Jewellery Shop.
 19296 | D:9      | Found Kyostrock's Gadget Shoppe.
 19520 | D:9      | Got a transparent lead ring
 19521 | D:9      | Identified the ring "Qanorueti" {rF+ Str-5 Dex+3 Stlth+}
                  | (You found it on level 9 of the Dungeon)
 19718 | D:10     | Entered Level 10 of the Dungeon
 20423 | D:10     | Found a staircase to the Orcish Mines.
 20892 | Orc:1    | Entered Level 1 of the Orcish Mines
 20892 | Orc:1    | Noticed an orc warlord
 21446 | Orc:1    | Killed an orc warlord
 21646 | Orc:2    | Entered Level 2 of the Orcish Mines
 21659 | Orc:2    | Paralysed by an orc sorcerer for 4 turns
 22134 | Orc:1    | Found a roughly hewn altar of Beogh.
 22563 | Orc:2    | Found a staircase to the Elven Halls.
 22900 | Orc:2    | Reached skill level 10 in Fighting
 22914 | Orc:2    | Reached XP level 14. HP: 99/121 MP: 14/20
 23974 | Orc:2    | Found Tecaf's Weapon Shop.
 23974 | Orc:2    | Found Nukkuik's Food Emporium.
 23976 | Orc:2    | Found Licyqaso's Assorted Antiques.
 23976 | Orc:2    | Found Reohiapp's Book Emporium.
 24306 | D:9      | Bought an uncursed ring of protection from magic for 300
                  | gold pieces
 24352 | D:11     | Found a runed translucent gate.
 24352 | D:11     | Found a runed translucent gate.
 24352 | D:11     | Found a runed translucent gate.
 24352 | D:11     | Noticed Hedningen's ghost (journeyman DsAK)
 24632 | D:11     | Found Xaun's Assorted Antiques.
 25244 | D:11     | Reached skill level 13 in Polearms
 25523 | D:11     | Got an ichor-stained halberd
 25524 | D:11     | Identified the +7 halberd of Contradiction {drain, *Drain
                  | rC- Str+9 Stlth+} (You found it on level 11 of the Dungeon)
 25823 | D:12     | Received a gift from Okawaru
 26249 | D:12     | Noticed Urug
 26284 | D:12     | Killed Urug
 26497 | D:12     | Noticed Nessos
 26530 | D:12     | Killed Nessos
 27329 | D:13     | Noticed Frances
 27353 | D:13     | Killed Frances
 27520 | D:13     | Noticed Azrael
 27556 | D:13     | Killed Azrael
 27681 | D:13     | Noticed Erolcha
 27684 | D:13     | Killed Erolcha
 27684 | D:13     | Received a gift from Okawaru
 29027 | D:13     | Reached XP level 15. HP: 61/129 MP: 11/21
 29282 | D:13     | Found a gate to the Vaults.
 29833 | D:14     | Found a shadowy altar of Dithmenos.
 30389 | D:15     | Entered Level 15 of the Dungeon
 30479 | D:15     | Reached skill level 14 in Polearms
 31482 | D:15     | Paralysed by a wizard for 7 turns
 31505 | D:15     | Found a staircase to the Depths.
 31534 | D:15     | Reached ****** piety under Okawaru
 31900 | Shoals:1 | Entered Level 1 of the Shoals
 31976 | Shoals:1 | Got a jewelled glaive
 31977 | Shoals:1 | Identified the cursed +1 glaive "Xonigg" {drain, rElec MR+
                  | MP+9} (You found it on level 1 of the Shoals)
 32042 | Shoals:1 | Received a gift from Okawaru
 32137 | Shoals:1 | Got a steaming helmet {god gift}
 32138 | Shoals:1 | Identified the +1 helmet of Tabemi {Dex+4} (Okawaru gifted
                  | it to you on level 1 of the Shoals)
 34075 | Shoals:2 | Reached skill level 10 in Evocations
 35807 | Shoals:3 | Received a gift from Okawaru
 35826 | Shoals:3 | Reached XP level 16. HP: 97/139 MP: 17/23
 35985 | Shoals:4 | Entered Level 4 of the Shoals
 35985 | Shoals:4 | Found Vomototi's Mass Market.
 36464 | Shoals:4 | Noticed Louise
 36485 | Shoals:4 | Killed Louise
 36556 | Shoals:4 | Reached skill level 15 in Polearms
 38132 | Shoals:4 | Got a barnacled rune of Zot
 38795 | Snake:1  | Entered Level 1 of the Snake Pit
 39612 | Snake:1  | Found a runed translucent gate.
 39613 | Snake:1  | Found a runed translucent gate.
 39614 | Snake:1  | Found a runed translucent gate.
 39875 | Shoals:3 | Identified the +0 glaive of Wopt {chaos, rElec rN+ MR-
                  | Stlth+} (Okawaru gifted it to you on level 3 of the Shoals)
 41040 | Snake:1  | Reached skill level 10 in Dodging
 41409 | Snake:1  | Noticed Meckytav's ghost (adept NaBe)
 41742 | Snake:1  | Received a gift from Okawaru
 41919 | Snake:1  | Identified the +2 centaur barding "Cuanoi" {MR+} (Okawaru
                  | gifted it to you on level 1 of the Snake Pit)
 43180 | Snake:2  | Found Zeang's Jewellery Shoppe.
 43182 | Snake:2  | Found Xotyxakh's Gadget Emporium.
 43182 | Snake:2  | Found Inuerua's Weapon Shoppe.
 43277 | Snake:2  | Found Caghuomy's Gadget Emporium.
 43787 | Snake:2  | Reached XP level 17. HP: 135/148 MP: 22/25
 43805 | Snake:2  | Noticed Saint Roka
 43827 | Snake:2  | Killed Saint Roka
 43853 | Snake:2  | Noticed Aizul
 43874 | Snake:2  | Killed Aizul
 44286 | Snake:2  | Reached skill level 16 in Polearms
 44286 | Snake:2  | Reached skill level 10 in Armour
 46265 | Snake:4  | Entered Level 4 of the Snake Pit
 46570 | Snake:4  | Found Anezaerr's Weapon Boutique.
 46626 | Snake:4  | Noticed Vashnia
 46657 | Snake:4  | Killed Vashnia
 46667 | Snake:4  | Received a gift from Okawaru
 47182 | Snake:4  | Found Vizxit's Armour Shoppe.
 50838 | Snake:4  | Reached XP level 18. HP: 145/158 MP: 23/26
 50915 | Snake:4  | Got a serpentine rune of Zot
 51311 | Vaults:1 | Entered Level 1 of the Vaults
 51350 | Vaults:1 | Received a gift from Okawaru
 51655 | Vaults:1 | Reached skill level 17 in Polearms
 52025 | Vaults:1 | Noticed a Brimstone Fiend
 53074 | Vaults:2 | Received a gift from Okawaru
 53178 | Vaults:2 | Received a gift from Okawaru
 53914 | Vaults:2 | Received a gift from Okawaru
 54303 | Vaults:2 | Reached XP level 19. HP: 167/167 MP: 28/28
 54642 | Vaults:2 | Found Ogineun's Weapon Shop.
 55059 | Vaults:2 | Found a staircase to the Crypt.
 55271 | Vaults:2 | Found a roughly hewn altar of Beogh.
 55314 | Vaults:2 | Reached skill level 18 in Polearms
 56856 | Vaults:3 | Received a gift from Okawaru
 58127 | Vaults:4 | Found Pyaci's Book Shoppe.
 58300 | Vaults:4 | Reached XP level 20. HP: 177/177 MP: 29/29
 58441 | Vaults:4 | Received a gift from Okawaru
 58808 | Vaults:4 | Reached skill level 15 in Fighting
 59189 | Vaults:4 | Found a runed translucent door.
 59193 | Vaults:4 | Noticed Hyotygoi's ghost (adept MiFi)
 59705 | D:9      | Killed BoppinsLewinski's ghost
 59859 | Depths:1 | Entered Level 1 of the Depths
 60383 | Depths:1 | Reached skill level 19 in Polearms
 60626 | Depths:1 | Received a gift from Okawaru
 60930 | Depths:1 | Found a one-way gate leading to the halls of Pandemonium.
 60936 | Depths:1 | Found a gateway to Hell.
 61119 | Depths:1 | Found a one-way gate to the infinite horrors of the Abyss.
 61265 | Depths:1 | Found a glowing golden altar of the Shining One.
 61431 | Depths:2 | Noticed Sojobo
 61465 | Depths:2 | Killed Sojobo
 61593 | Depths:2 | Identified the ring of Nollosm {rF+ rN+ Str+3 Int+2}
 62009 | Depths:2 | Identified the amulet of Qehaiwk {Regen+ Int+6} (You found
                  | it on level 2 of the Depths)
 62072 | Depths:2 | Identified the ring of Cieng {Fire Int+4}
 62366 | Depths:2 | Noticed Bai Suzhen
 62387 | Depths:2 | Killed Bai Suzhen
 62478 | Depths:2 | Reached XP level 21. HP: 185/185 MP: 31/31
 62629 | Depths:2 | Identified a scroll of acquirement
 62631 | Depths:2 | Found the +5 scythe "Finisher" {speed, eviscerate}
 62846 | Depths:2 | Reached XP level 22. HP: 186/194 MP: 32/32
 62952 | Depths:2 | Received a gift from Okawaru
 63334 | Depths:2 | Found a gateway to a ziggurat.
 63543 | Depths:2 | Noticed Margery
 63552 | Depths:2 | Killed Margery
 63570 | Depths:2 | Received a gift from Okawaru
 63632 | Depths:2 | Identified the ring "Voer" {rF+ Stlth+} (You found it on
                  | level 2 of the Depths)
 63720 | Depths:2 | Found a hazy altar of Hepliaklqana.
 63918 | Depths:3 | Reached skill level 20 in Polearms
 65135 | Depths:4 | You fall into a shaft and drop 1 floor!
 65135 | Depths:5 | Entered Level 5 of the Depths
 65135 | Depths:5 | Found a gate to the Realm of Zot.
 65156 | Depths:5 | Upgraded the game from 0.24-a0-778-g74da537 to
                  | 0.24-a0-781-g048a31f
 65156 | Depths:5 | Upgraded the game from 0.24-a0-781-g048a31f to
                  | 0.24-b1-1-gac51ba0
 65285 | Depths:5 | Received a gift from Okawaru
 65288 | Depths:5 | Got a spiked centaur barding {god gift}
 65289 | Depths:5 | Identified the +4 centaur barding of Okawaru's Pride {-Tele
                  | rPois SInv} (Okawaru gifted it to you on level 5 of the
                  | Depths)
 65887 | Depths:5 | Found Seppenli's Weapon Shoppe.
 65891 | Depths:5 | Found Gumahaud's Antique Armour Emporium.
 65892 | Depths:5 | Found Voguel's Weapon Shoppe.
 65934 | Depths:5 | Reached XP level 23. HP: 123/203 MP: 22/34
 66249 | Depths:4 | Paralysed by a floating eye for 4 turns
 67464 | Depths:4 | Reached skill level 15 in Evocations
 67646 | Depths:5 | Received a gift from Okawaru
 67755 | Depths:5 | Bought a pair of ancient gloves for 408 gold pieces
 67755 | Depths:5 | Identified the cursed +0 pair of gloves "Fuex" {rElec
                  | Int+4} (You bought it in a shop on level 5 of the Depths)
 68761 | Elf:1    | Entered Level 1 of the Elven Halls
 68779 | Elf:1    | Found a radiant altar of Vehumet.
 68880 | Elf:1    | Identified Beusessee's Guide on the Escort
 69079 | Elf:1    | Found Xuzxythy's Book Emporium.
 69173 | Elf:1    | Noticed Xeneug's ghost (adept KoBe)
 69183 | Elf:1    | Found a transporter.
 69186 | Elf:1    | Found a transporter.
 69241 | Elf:1    | Killed Xeneug's ghost
 69461 | Elf:1    | Reached skill level 21 in Polearms
 70227 | Elf:1    | Found Qeiblaas's Jewellery Emporium.
 70228 | Elf:1    | Found Gicveint's Gadget Boutique.
 70228 | Elf:1    | Found Qyimog's Gadget Boutique.
 70238 | Elf:1    | Bought a box of beasts for 260 gold pieces
 70238 | Elf:1    | Bought a box of beasts for 260 gold pieces
 70239 | Elf:1    | Bought a phial of floods for 520 gold pieces
 70243 | Elf:1    | Bought a wand of acid (6) for 300 gold pieces
 70243 | Elf:1    | Bought a phantom mirror for 450 gold pieces
 70243 | Elf:1    | Bought a wand of acid (6) for 300 gold pieces
 70921 | Elf:2    | Found a runed translucent gate.
 70921 | Elf:2    | Found a runed translucent gate.
 70921 | Elf:2    | Found a runed translucent gate.
 71034 | Elf:3    | Entered Level 3 of the Elven Halls
 71212 | Elf:3    | Received a gift from Okawaru
 72112 | Elf:3    | Received a gift from Okawaru
 72130 | Elf:3    | Identified the +7 centaur barding of Duc Kiz {rElec MR-
                  | Regen+ SInv} (Okawaru gifted it to you on level 3 of the
                  | Elven Halls)
 72250 | Elf:3    | Reached XP level 24. HP: 170/213 MP: 29/34
 72321 | Elf:3    | Identified the +9 hand axe of the Scavenger {chop, -Tele
                  | *Slow rF+++ Str+2}
 72321 | Elf:3    | Identified the amulet of Dawn {Acrobat +Fly rElec rPois
                  | Slay-5}
 72413 | Elf:3    | Identified the +10 great mace of Desperation {holy, rPois}
 72866 | Elf:3    | Identified the Collected Works on Calling
 72869 | Elf:3    | Identified Abicrut's Guide on Noxious Confrontation
 72878 | Elf:3    | Identified the Grimoire of Noxious Snow
 72951 | Elf:3    | Identified the +7 plate armour "Xosod" {Str+4} (You found
                  | it on level 3 of the Elven Halls)
 73398 | Vaults:5 | Entered Level 5 of the Vaults
 73661 | Vaults:5 | Noticed an ancient lich
 75238 | Vaults:4 | Found Pyaci's Book Shoppe.
 75711 | Vaults:4 | Found a runed translucent door.
 75786 | Vaults:4 | Killed Hyotygoi's ghost
 77235 | Vaults:4 | Received a gift from Okawaru
 78738 | Vaults:4 | Killed an ancient lich
 79187 | Vaults:5 | Reached skill level 22 in Polearms
 79559 | Vaults:5 | Received a gift from Okawaru
 79562 | Vaults:5 | Identified the +0 pair of gloves "Qyruawn" {+Blink MR+}
                  | (Okawaru gifted it to you on level 5 of the Vaults)
 79730 | Vaults:5 | Found Osytrema's Food Boutique.
 79795 | Vaults:5 | Identified the +5 scythe "Eluda" {chaos, rPois rC+ Int+3}
 79795 | Vaults:5 | Identified the +1 robe of Minor Irritation {MR++ Str-3
                  | Int-2 Dex+2}
 80167 | Vaults:5 | Reached XP level 25. HP: 149/223 MP: 35/35
 80283 | Vaults:5 | Identified the +5 quarterstaff "Ischur" {crush, rPois rF+
                  | Int-3 Dex+3}
 80370 | Vaults:5 | Identified the +3 leather armour "Pulitan" {-Tele rF+
                  | Int+7}
 80510 | Vaults:5 | Identified the +6 short sword "Festoori" {pierce, Int+6
                  | Stlth-}
 80669 | Vaults:5 | Identified the +6 shortbow "Sahus" {flame, Int+4}
 80875 | Vaults:5 | Found Etuestuf's Magic Scroll Emporium.
 80945 | Vaults:5 | Bought a scroll of summoning for 114 gold pieces
 80945 | Vaults:5 | Bought a scroll of fog for 24 gold pieces
 80986 | Vaults:5 | Found Noattirgh's Food Shoppe.
 82206 | Vaults:5 | Got a silver rune of Zot
 84005 | Zot:1    | Entered Level 1 of the Realm of Zot
 85238 | Zot:1    | Received a gift from Okawaru
 86034 | Zot:1    | HP: 6/225 [electric golem (9)]
 86036 | Zot:1    | Slain by an electric golem

Skill      XL: |  1  2  3  4  5  6  7  8  9 10 11 12 13 14 15 16 17 18 19 20 21 22 23 24 25 |
---------------+----------------------------------------------------------------------------+-----
Polearms       | 3 4 5 6 7 8 9 10 11 12 13 14 15 16 17 18 19 20 21 22 | 22.8
Armour         | 1 2 3 4 5 6 7 8 9 10 11 12 13 14 | 14.6
Fighting       | 3 4 5 6 7 8 9 10 11 12 13 14 15 16 17 18 | 18.4
Dodging        | 3 4 5 6 7 8 9 10 11 12 13 14 | 14.8
Invocations    | 2 4 5 7 8 9 |  9.1
Evocations     | 2 3 4 5 7 8 9 10 11 12 13 14 15 16 | 16.7
Throwing       | |  2.1

Action                   |  1- 3 |  4- 6 |  7- 9 | 10-12 | 13-15 | 16-18 | 19-21 | 22-24 | 25-27 || total
-------------------------+-------+-------+-------+-------+-------+-------+-------+-------+-------++-------
Melee: Trident           |    73 |   213 |   235 |   634 |  2221 |  1711 |       |       |       ||  5087
       Kick              |    10 |    49 |    95 |   166 |   581 |   573 |   448 |   637 |   166 ||  2725
       Punch             |       |       |     2 |     3 |     2 |     3 |       |       |       ||    10
       Halberd           |       |       |   126 |       |       |   482 |  1219 |       |       ||  1827
       Scythe            |       |       |       |       |       |       |    26 |  1856 |    88 ||  1970
       Glaive            |       |       |       |       |       |       |       |       |   283 ||   283
Throw: Throwing net      |     2 |     1 |       |       |     2 |       |       |       |       ||     5
Invok: Heroism           |       |     2 |     6 |     5 |     7 |     8 |     2 |     5 |       ||    35
       Finesse           |       |       |       |     8 |    25 |    15 |    10 |    23 |     3 ||    84
 Abil: Evoke Berserk Rag |       |       |       |       |       |     1 |       |     2 |     1 ||     4
Evoke: Wand              |       |       |     1 |    29 |    36 |    15 |     7 |    17 |     9 ||   114
       Phantom mirror    |       |       |       |       |     1 |       |       |       |       ||     1
       Box of beasts     |       |       |       |       |       |       |       |     3 |     4 ||     7
  Use: Potion            |       |     4 |     2 |     8 |     9 |     6 |     4 |    13 |     3 ||    49
       Scroll            |       |       |     5 |    14 |    24 |     9 |     7 |    29 |     5 ||    93
 Stab: Held in net/web   |     1 |       |       |       |     1 |       |       |       |       ||     2
       Paralysed         |       |       |       |     4 |    21 |     6 |       |     3 |       ||    34
       Invisible         |       |       |       |       |     4 |       |       |       |       ||     4
       Distracted        |       |       |       |       |     1 |       |     1 |     2 |     1 ||     5
  Eat: Chunk             |       |     6 |    12 |    12 |    37 |    17 |    11 |    13 |     4 ||   112
       Ration            |       |       |       |     3 |     6 |    11 |     4 |    11 |     4 ||    39
Armor: Leather armour    |    27 |    56 |       |       |       |       |       |       |       ||    83
       Ring mail         |       |    52 |    31 |       |       |       |       |       |       ||    83
       Scale mail        |       |       |   126 |   137 |       |       |       |       |       ||   263
       Plate armour      |       |       |       |   130 |   647 |   363 |       |   275 |   193 ||  1608
       Crystal plate arm |       |       |       |       |       |   207 |   537 |   666 |       ||  1410
Dodge: Dodged            |    28 |    92 |   105 |   137 |   297 |   271 |   225 |   531 |   118 ||  1804
       Deflected         |       |       |       |     1 |    65 |   106 |       |    36 |       ||   208
